[ PARTIDA AOE2 · #508134880 ]
UnrankedChinos vs Armenians
Equipo del jugador · VICT
Equipo rival · DERR
[ ANÁLISIS DE REPETICIÓN · EXTRAÍDO DE LA PARTIDA GRABADA ]
Feudal
10:24
Castillos
20:36
Imperial
—
| APM promedio | 68.1 |
| APM pico | 105 |
| eAPM promedio | 28.7 |
| Aldeanos / militares | 48 / 31 |
Foco
⚔️ 48.3% · 🌾 51.7%
Skirmisher ×27 · Militia ×3 · Spearman ×1
Feudal
8:33
Castillos
23:03
Imperial
—
| APM promedio | 74.4 |
| APM pico | 175 |
| eAPM promedio | 36.9 |
| Aldeanos / militares | 41 / 20 |
Foco
⚔️ 53.7% · 🌾 46.3%
Archer ×15 · Militia ×3 · Knight ×2
Mapa de la partida
Recursos iniciales + cada clic de construcción. Líneas = muros · curvas = relieve. ◆ oro · ⬟ piedra · ● bayas · ✦ reliquia · ◌ hueco del cierre
Tu base· Abierta — el rival se encerró
Base de [CL] Dubstepyzed· ✓ Cerrada en 23:03 · 47t muro · sin puerta
Terreno inicial suavizado · ◌ = hueco del cierre detectado · pasá el cursor para detalles
Inputs por minuto
— DGHIR | Feyern - - [CL] Dubstepyzed
Build order — DGHIR | Feyern
143 acciones detectadas en el replay
| 0:01 | Investigar | Loom |
| 0:41 | Encolar | Villager (Male) |
| 1:12 | Encolar | Villager (Male) |
| 1:20 | Construir | Lumber Camp |
| 1:35 | Encolar | Villager (Male) |
| 1:35 | Encolar | Villager (Male) |
| 2:03 | Encolar | Villager (Male) |
| 2:24 | Encolar | Villager (Male) |
| 2:43 | Encolar | Villager (Male) |
| 3:01 | Construir | House |
| 3:08 | Encolar | Villager (Male) |
| 3:25 | Construir | House |
| 3:33 | Encolar | Villager (Male) |
| 3:55 | Encolar | Villager (Male) |
| 4:22 | Encolar | Villager (Male) |
| 4:23 | Encolar | Villager (Male) |
| 4:57 | Construir | Barracks |
| 5:10 | Encolar | Villager (Male) |
| 5:48 | Encolar | Villager (Male) |
| 5:50 | Encolar | Militia |
| 5:50 | Encolar | Militia |
| 5:54 | Construir | House |
| 6:00 | Encolar | Militia |
| 6:10 | Construir | Palisade Wall |
| 6:16 | Construir | Palisade Wall |
| 6:19 | Encolar | Villager (Male) |
| 6:25 | Encolar | Villager (Male) |
| 6:40 | Encolar | Villager (Male) |
| 7:05 | Encolar | Villager (Male) |
| 7:13 | Construir | Mill |
| 7:18 | Construir | Palisade Wall |
| 7:26 | Construir | Palisade Wall |
| 7:53 | Construir | Palisade Wall |
| 7:58 | Construir | Palisade Wall |
| 7:59 | Construir | Palisade Wall |
| 8:14 | Investigar | Feudal Age |
| 8:45 | Construir | Lumber Camp |
| 9:03 | Construir | Palisade Wall |
| 9:43 | Construir | House |
| 10:24 | Edad | Edad Feudal |
| 10:25 | Encolar | Villager (Male) |
| 10:28 | Construir | Archery Range |
| 10:29 | Encolar | Villager (Male) |
| 10:30 | Encolar | Spearman |
| 10:41 | Investigar | Double-Bit Axe |
| 10:41 | Investigar | Double-Bit Axe |
| 10:42 | Investigar | Horse Collar |
| 10:42 | Investigar | Horse Collar |
| 10:44 | Encolar | Villager (Male) |
| 10:48 | Encolar | Villager (Male) |
| 10:55 | Construir | House |
| 11:10 | Construir | Farm |
| 11:12 | Construir | Farm |
| 11:17 | Encolar | Villager (Male) |
| 11:21 | Encolar | Skirmisher |
| 11:21 | Encolar | Skirmisher |
| 11:43 | Encolar | Skirmisher |
| 11:49 | Construir | Farm |
| 11:56 | Construir | Farm |
| 11:58 | Construir | House |
| 11:59 | Construir | House |
| 12:02 | Encolar | Skirmisher |
| 12:02 | Encolar | Skirmisher |
| 12:24 | Construir | Mining Camp |
| 12:29 | Encolar | Skirmisher |
| 12:34 | Construir | Farm |
| 12:37 | Encolar | Villager (Male) |
| 12:43 | Construir | Farm |
| 12:58 | Encolar | Villager (Male) |
| 13:15 | Encolar | Villager (Male) |
| 13:23 | Encolar | Skirmisher |
| 13:26 | Construir | Farm |
| 13:29 | Construir | Blacksmith |
| 13:32 | Encolar | Skirmisher |
| 13:36 | Construir | Farm |
| 13:37 | Construir | Farm |
| 13:48 | Encolar | Villager (Male) |
| 13:53 | Construir | Farm |
| 14:04 | Encolar | Skirmisher |
| 14:16 | Construir | Farm |
| 14:19 | Construir | Farm |
| 14:20 | Encolar | Villager (Male) |
| 14:23 | Construir | House |
| 14:28 | Construir | House |
| 14:33 | Investigar | Padded Archer Armor |
| 14:44 | Construir | Palisade Wall |
| 14:47 | Encolar | Villager (Male) |
| 14:49 | Construir | Farm |
| 15:06 | Encolar | Villager (Male) |
| 15:07 | Encolar | Skirmisher |
| 15:37 | Investigar | Wheelbarrow |
| 15:41 | Encolar | Skirmisher |
| 16:03 | Encolar | Skirmisher |
| 16:32 | Construir | Market |
| 16:46 | Construir | Farm |
| 16:54 | Encolar | Villager (Male) |
| 17:22 | Encolar | Villager (Male) |
| 17:56 | Investigar | Castle Age |
| 18:07 | Encolar | Skirmisher |
| 18:28 | Encolar | Skirmisher |
| 18:36 | Encolar | Skirmisher |
| 18:46 | Investigar | Fletching |
| 18:46 | Encolar | Skirmisher |
| 19:01 | Encolar | Skirmisher |
| 19:18 | Encolar | Skirmisher |
| 19:30 | Construir | Archery Range |
| 19:48 | Encolar | Skirmisher |
| 20:00 | Encolar | Skirmisher |
| 20:08 | Investigar | Gold Mining |
| 20:14 | Encolar | Skirmisher |
| 20:24 | Encolar | Skirmisher |
| 20:36 | Edad | Edad de los Castillos |
| 20:40 | Encolar | Villager (Male) |
| 20:43 | Investigar | Elite Skirmisher (upgrade) |
| 20:45 | Investigar | Bodkin Arrow |
| 20:45 | Encolar | Villager (Male) |
| 20:55 | Encolar | Villager (Male) |
| 21:10 | Encolar | Villager (Male) |
| 21:20 | Encolar | Villager (Male) |
| 21:27 | Encolar | Villager (Male) |
| 21:31 | Construir | Town Center |
| 21:35 | Encolar | Villager (Male) |
| 21:38 | Encolar | Skirmisher |
| 21:52 | Encolar | Villager (Male) |
| 21:53 | Construir | House |
| 21:54 | Construir | House |
| 21:57 | Investigar | Town Watch |
| 22:02 | Encolar | Skirmisher |
| 22:05 | Encolar | Villager (Male) |
| 22:07 | Encolar | Villager (Male) |
| 22:11 | Construir | House |
| 22:12 | Construir | House |
| 22:31 | Encolar | Skirmisher |
| 22:32 | Encolar | Skirmisher |
| 22:36 | Encolar | Villager (Male) |
| 22:37 | Encolar | Villager (Male) |
| 22:37 | Encolar | Villager (Male) |
| 22:42 | Encolar | Villager (Male) |
| 22:44 | Encolar | Villager (Male) |
| 22:46 | Construir | Farm |
| 22:48 | Encolar | Villager (Male) |
| 22:58 | Encolar | Skirmisher |
| 23:02 | Construir | Farm |
Build order — [CL] Dubstepyzed
Primeras 150 de 156 acciones detectadas
| 0:00 | Encolar | Villager (Male) |
| 0:00 | Encolar | Villager (Male) |
| 0:01 | Construir | House |
| 0:02 | Construir | House |
| 0:07 | Encolar | Villager (Male) |
| 0:07 | Encolar | Villager (Male) |
| 0:07 | Encolar | Villager (Male) |
| 1:12 | Encolar | Villager (Male) |
| 1:41 | Encolar | Villager (Male) |
| 1:51 | Construir | Mule Cart |
| 2:23 | Encolar | Villager (Male) |
| 2:41 | Encolar | Villager (Male) |
| 3:03 | Construir | House |
| 3:07 | Encolar | Villager (Male) |
| 3:34 | Encolar | Villager (Male) |
| 3:35 | Encolar | Villager (Male) |
| 3:58 | Encolar | Villager (Male) |
| 4:20 | Encolar | Villager (Male) |
| 4:45 | Encolar | Villager (Male) |
| 4:46 | Encolar | Villager (Male) |
| 4:56 | Construir | Barracks |
| 5:01 | Construir | Barracks |
| 5:32 | Investigar | Loom |
| 5:52 | Construir | House |
| 6:23 | Investigar | Feudal Age |
| 6:38 | Encolar | Militia |
| 7:09 | Encolar | Militia |
| 7:17 | Construir | Palisade Wall |
| 7:19 | Construir | Palisade Wall |
| 7:19 | Construir | Palisade Wall |
| 7:20 | Construir | Palisade Wall |
| 7:26 | Construir | Palisade Wall |
| 7:27 | Construir | Palisade Wall |
| 7:27 | Construir | Palisade Wall |
| 7:28 | Construir | Palisade Wall |
| 7:29 | Construir | Palisade Wall |
| 7:34 | Encolar | Militia |
| 7:42 | Construir | Palisade Wall |
| 7:42 | Construir | Palisade Wall |
| 7:43 | Construir | Palisade Wall |
| 8:25 | Encolar | Villager (Male) |
| 8:33 | Edad | Edad Feudal |
| 8:48 | Construir | House |
| 8:54 | Encolar | Villager (Male) |
| 9:10 | Encolar | Villager (Male) |
| 9:16 | Construir | Archery Range |
| 9:24 | Encolar | Villager (Male) |
| 9:29 | Construir | House |
| 9:43 | Investigar | Man-at-Arms (upgrade) |
| 9:43 | Investigar | Man-at-Arms (upgrade) |
| 9:48 | Construir | Mule Cart |
| 10:03 | Encolar | Villager (Male) |
| 10:25 | Encolar | Villager (Male) |
| 10:41 | Encolar | Archer |
| 11:02 | Encolar | Villager (Male) |
| 11:05 | Construir | Mill |
| 11:13 | Construir | House |
| 11:17 | Encolar | Archer |
| 11:22 | Encolar | Villager (Male) |
| 11:42 | Encolar | Archer |
| 11:43 | Encolar | Villager (Male) |
| 11:56 | Construir | House |
| 12:15 | Construir | Archery Range |
| 12:16 | Encolar | Villager (Male) |
| 12:22 | Construir | Palisade Wall |
| 12:26 | Encolar | Villager (Male) |
| 12:28 | Encolar | Archer |
| 12:36 | Construir | Farm |
| 12:38 | Construir | Farm |
| 12:57 | Encolar | Villager (Male) |
| 12:58 | Encolar | Archer |
| 13:01 | Encolar | Archer |
| 13:03 | Construir | House |
| 13:12 | Encolar | Archer |
| 13:27 | Construir | Blacksmith |
| 13:34 | Encolar | Villager (Male) |
| 13:36 | Construir | Farm |
| 13:46 | Encolar | Archer |
| 13:46 | Encolar | Archer |
| 13:46 | Encolar | Archer |
| 13:56 | Encolar | Villager (Male) |
| 13:59 | Construir | Farm |
| 14:05 | Encolar | Archer |
| 14:13 | Construir | House |
| 14:20 | Encolar | Archer |
| 14:25 | Encolar | Villager (Male) |
| 14:31 | Construir | Farm |
| 14:37 | Construir | Farm |
| 14:48 | Encolar | Archer |
| 14:56 | Investigar | Fletching |
| 15:00 | Construir | House |
| 15:02 | Construir | Palisade Wall |
| 15:11 | Encolar | Villager (Male) |
| 15:11 | Encolar | Villager (Male) |
| 15:22 | Construir | House |
| 15:25 | Construir | House |
| 15:28 | Construir | Palisade Wall |
| 15:34 | Encolar | Archer |
| 15:34 | Encolar | Archer |
| 15:37 | Investigar | Double-Bit Axe |
| 15:44 | Construir | Palisade Wall |
| 15:47 | Construir | Mule Cart |
| 16:07 | Construir | House |
| 16:08 | Construir | Palisade Wall |
| 16:09 | Encolar | Villager (Male) |
| 16:15 | Encolar | Villager (Male) |
| 16:19 | Construir | Palisade Wall |
| 16:31 | Construir | Farm |
| 16:37 | Encolar | Villager (Male) |
| 16:44 | Construir | Market |
| 16:45 | Construir | House |
| 16:47 | Construir | Palisade Wall |
| 17:01 | Construir | Palisade Wall |
| 17:03 | Construir | Farm |
| 17:06 | Construir | Farm |
| 17:08 | Encolar | Villager (Male) |
| 17:12 | Construir | Palisade Wall |
| 17:23 | Construir | Palisade Wall |
| 17:26 | Construir | Farm |
| 17:38 | Encolar | Villager (Male) |
| 17:42 | Construir | Farm |
| 17:44 | Construir | Farm |
| 17:45 | Encolar | Villager (Male) |
| 17:57 | Construir | Palisade Wall |
| 17:59 | Construir | Palisade Wall |
| 18:07 | Construir | House |
| 18:10 | Construir | House |
| 18:14 | Construir | House |
| 18:23 | Construir | Farm |
| 18:43 | Encolar | Villager (Male) |
| 18:45 | Investigar | Wheelbarrow |
| 18:50 | Construir | Farm |
| 19:31 | Construir | House |
| 20:18 | Investigar | Castle Age |
| 20:18 | Investigar | Castle Age |
| 20:36 | Investigar | Horse Collar |
| 20:36 | Investigar | Horse Collar |
| 20:50 | Construir | Mule Cart |
| 20:54 | Construir | Stable |
| 20:56 | Construir | Stable |
| 21:11 | Investigar | Scale Barding Armor |
| 21:14 | Construir | Farm |
| 21:18 | Construir | Farm |
| 21:31 | Investigar | Gold Mining |
| 21:40 | Construir | Farm |
| 21:42 | Construir | Farm |
| 22:01 | Investigar | Bloodlines |
| 22:03 | Construir | Farm |
| 22:26 | Construir | Stable |
| 22:45 | Construir | Palisade Wall |
Cronología de la partida
| 4:56 | [CL] Dubstepyzed · first_building Barracks |
| 4:57 | DGHIR | Feyern · first_building Barracks |
| 6:10 | DGHIR | Feyern · wall_segment Palisade Wall x4 |
| 6:16 | DGHIR | Feyern · wall_segment Palisade Wall x5 |
| 7:17 | [CL] Dubstepyzed · wall_segment Palisade Wall x1 |
| 7:18 | DGHIR | Feyern · wall_segment Palisade Wall x9 |
| 7:19 | [CL] Dubstepyzed · wall_segment Palisade Wall x1 |
| 7:19 | [CL] Dubstepyzed · wall_segment Palisade Wall x1 |
| 7:20 | [CL] Dubstepyzed · wall_segment Palisade Wall x1 |
| 7:26 | DGHIR | Feyern · wall_segment Palisade Wall x16 |
| 7:26 | [CL] Dubstepyzed · wall_segment Palisade Wall x1 |
| 7:27 | [CL] Dubstepyzed · wall_segment Palisade Wall x1 |
| 7:27 | [CL] Dubstepyzed · wall_segment Palisade Wall x1 |
| 7:28 | [CL] Dubstepyzed · wall_segment Palisade Wall x1 |
| 7:29 | [CL] Dubstepyzed · wall_segment Palisade Wall x2 |
| 7:42 | [CL] Dubstepyzed · wall_segment Palisade Wall x1 |
| 7:42 | [CL] Dubstepyzed · wall_segment Palisade Wall x1 |
| 7:43 | [CL] Dubstepyzed · wall_segment Palisade Wall x1 |
| 7:53 | DGHIR | Feyern · wall_segment Palisade Wall x6 |
| 7:58 | DGHIR | Feyern · wall_segment Palisade Wall x2 |
| 7:59 | DGHIR | Feyern · wall_segment Palisade Wall x1 |
| 8:33 | [CL] Dubstepyzed · age_up feudal |
| 9:03 | DGHIR | Feyern · wall_segment Palisade Wall x1 |
| 9:16 | [CL] Dubstepyzed · first_building Archery Range |
| 10:24 | DGHIR | Feyern · age_up feudal |
| 10:28 | DGHIR | Feyern · first_building Archery Range |
| 12:22 | [CL] Dubstepyzed · wall_segment Palisade Wall x1 |
| 14:44 | DGHIR | Feyern · wall_segment Palisade Wall x8 |
| 15:02 | [CL] Dubstepyzed · wall_segment Palisade Wall x5 |
| 15:28 | [CL] Dubstepyzed · wall_segment Palisade Wall x4 |
| 15:44 | [CL] Dubstepyzed · wall_segment Palisade Wall x5 |
| 16:08 | [CL] Dubstepyzed · wall_segment Palisade Wall x6 |
| 16:19 | [CL] Dubstepyzed · wall_segment Palisade Wall x1 |
| 16:47 | [CL] Dubstepyzed · wall_segment Palisade Wall x1 |
| 17:01 | [CL] Dubstepyzed · wall_segment Palisade Wall x3 |
| 17:12 | [CL] Dubstepyzed · wall_segment Palisade Wall x1 |
| 17:23 | [CL] Dubstepyzed · wall_segment Palisade Wall x5 |
| 17:50 | DGHIR | Feyern · first_market_sell 100 wood |
| 17:51 | DGHIR | Feyern · first_market_buy 100 food |
| 17:57 | [CL] Dubstepyzed · wall_segment Palisade Wall x1 |
| 17:59 | [CL] Dubstepyzed · wall_segment Palisade Wall x1 |
| 19:44 | [CL] Dubstepyzed · first_market_sell 100 wood |
| 19:44 | [CL] Dubstepyzed · first_market_buy 100 food |
| 20:36 | DGHIR | Feyern · age_up castle |
| 20:54 | [CL] Dubstepyzed · first_building Stable |
| 22:45 | [CL] Dubstepyzed · wall_segment Palisade Wall x1 |
| 23:03 | [CL] Dubstepyzed · age_up castle |
| 23:08 | [CL] Dubstepyzed · wall_segment Palisade Wall x1 |
| 23:20 | [CL] Dubstepyzed · resign |
[ ANÁLISIS IA · 1 CRÉDITO ]
¿Qué pasó realmente en esta partida?
Wolo.gg analiza cada decisión: build order, eco, micro, errores típicos por bracket. Análisis personalizado por WhatsApp o Discord en 30 segundos.
Guía civ
Chinos
Perfil
Jugador #4247184